 Dungeon Crawl Stone Soup version 0.26-b1-32-g5d43845318 (webtiles) character file.

Game seed: 10380615159533868444

246 Canard the Sneak (level 5, -8/51 HPs)
             Began as a Deep Dwarf Delver on Jan 10, 2021.
             Mangled by an ogre
             ... wielding a +0 giant club
              (16 damage)
             ... on level 4 of the Dungeon.
             The game lasted 00:03:57 (2196 turns).

Canard the Sneak (Deep Dwarf Delver)                Turns: 2196, Time: 00:03:57

Health: -8/51      AC:  9    Str: 16    XL:     5   Next: 84%
Magic:  13/13 (4)  EV: 10    Int: 11    God:
Gold:   173        SH:  0    Dex: 14    Spells: 4/4 levels left

rFire    . . .     SeeInvis .   a - +0 hand axe
rCold    . . .     Faith    .   (no shield)
rNeg     . . .     Spirit   .   l - +0 scale mail
rPois    .         Reflect  .   g - +2 helmet
rElec    .         Harm     .   (no cloak)
rCorr    .         Rampage  .   (no gloves)
Will     .....                  (no boots)
Stlth    ++........             (no amulet)
HPRegen  0.00/turn              m - ring of flight
MPRegen  0.13/turn              p - ring of magical power

@: non-regenerating
A: damage resistance, heal wounds, sense surroundings 1, no regeneration
a: Heal Wounds, Evoke Flight


You were on level 4 of the Dungeon.
You visited 1 branch of the dungeon, and saw 5 of its levels.

You collected 173 gold pieces.

Inventory:

Hand Weapons
 a - a +0 hand axe (weapon)
Missiles
 k - 55 stones
 t - a boomerang
 v - 17 sling bullets
 F - 5 curare-tipped darts
Armour
 b - a +0 leather armour
 g - a +2 helmet (worn)
   (You found it on level 2 of the Dungeon)
 l - a +0 scale mail (worn)
   (You found it on level 1 of the Dungeon)
Jewellery
 m - a ring of flight (left hand)
   (You found it on level 1 of the Dungeon)
 p - a ring of magical power (right hand)
   (You found it on level 2 of the Dungeon)
Wands
 D - a wand of digging (3)
Scrolls
 c - 2 scrolls of fog
 e - 2 scrolls of fear
 f - 3 scrolls of teleportation {unknown}
 j - a scroll of enchant weapon {unknown}
 n - a scroll of noise {unknown}
 o - 2 scrolls of blinking {unknown}
 s - 2 scrolls of identify {unknown}
 y - a scroll of enchant armour {unknown}
 M - 2 scrolls of magic mapping
Potions
 d - a potion of resistance {unknown}
 h - a potion of brilliance {unknown}
 i - a potion of berserk rage {unknown}
 q - a potion of flight {unknown}
 r - a potion of magic {unknown}
 u - a potion of curing {unknown}
 w - a potion of lignification {unknown}
 x - 2 potions of mutation {unknown}
 H - 3 potions of haste {@q3}


   Skills:
 + Level 4.6 Fighting
 + Level 5.0 Axes
 - Level 2.1 Dodging
 - Level 6.0 Stealth


You had 4 spell levels left.
You didn't know any spells.
Your spell library was empty.

Dungeon Overview and Level Annotations

Branches:
Dungeon (5/15)
 Temple: D:4-7

Altars:
Ashenzari
Yredelemnul


Innate Abilities, Weirdness & Mutations

You are resistant to damage.
You can heal yourself by infusing magical energy.
You passively map a small area around you.
You do not regenerate.


Message History

You hit the ogre.
The ogre is lightly wounded.
The ogre hits you with a +0 giant club.
* * * LOW HITPOINT WARNING * * *
You hit the ogre but do no damage.
The ogre is lightly wounded.
Your scale mail prevents you from hitting the ogre.
The ogre is lightly wounded.
The ogre hits you with a +0 giant club!!
* * * LOW HITPOINT WARNING * * *
Unknown command.
You feel much better. The ogre misses you.
You barely miss the ogre.
The ogre is lightly wounded.
The ogre hits you with a +0 giant club!!
* * * LOW HITPOINT WARNING * * *
Unknown command.
You fail to use your ability.
The ogre hits you with a +0 giant club!!
You die...

#.##.##
...............##.#.###
#.#..# * **
##............#.###
#.#<##
#.###.....####..# #.#.#
#.# #.....# ##.# #.#.#
#.# #.#.### #.# #.#.#
#.# #....######.##
###.#.# #.#
#.....<....... ....#.#
#.# #<.†.######.##
#####.# #@##....## #.#
..# #.# #O#.....## #.#*
..# ,* ####........#
#.# ..# *,
#.[.........# #.# .##
*,# #.###.......# #.#
.####.# # * #......##
.. ......# #...#...##
..>...# #.#######
#####.# #.* *


You could see an ogre.

Vanquished Creatures
  An orc priest (D:2)
  3 orc wizards (D:2 D:3)
  5 adders (D:2 D:4)
  2 oozes (D:1)
  A dart slug (D:2)
  3 leopard geckos (D:1 D:4)
  11 orcs (D:4 D:2 D:3)
  5 bats (D:1 D:2 D:3)
  3 giant cockroaches (D:2 D:1 D:3)
  9 goblins (D:3 D:2 D:1)
  4 hobgoblins (D:1)
  7 jackals (D:2 D:3)
  4 kobolds (D:3 D:1 D:2)
  A quokka (D:2)
  2 ball pythons (D:1)
  2 frilled lizards (D:1)
  5 rats (D:1 D:2)
68 creatures vanquished.

Notes
Turn   | Place    | Note
-------+----------+-------------------------------------------
     0 | D:5      | Canard the Deep Dwarf Delver began the quest for the Orb.
     0 | D:5      | Reached XP level 1. HP: 20/20 MP: 1/1
   136 | D:3      | Noticed an orc wizard
   163 | D:2      | Noticed an orc priest
   188 | D:2      | Reached skill level 3 in Fighting
   189 | D:2      | Reached XP level 2. HP: 19/28 MP: 2/2
   307 | D:1      | Reached skill level 3 in Axes
   527 | D:1      | Reached XP level 3. HP: 9/34 MP: 3/3
  1417 | D:2      | Reached XP level 4. HP: 33/44 MP: 3/3
  1423 | D:2      | Reached skill level 4 in Axes
  1473 | D:2      | Reached skill level 4 in Fighting
  1477 | D:2      | Reached XP level 5. HP: 36/50 MP: 4/4
  1521 | D:2      | Found a basalt altar of Yredelemnul.
  1605 | D:2      | Found a broken altar of Ashenzari.
  2070 | D:4      | Reached skill level 5 in Axes
  2178 | D:4      | Noticed an ogre
  2195 | D:4      | HP: 8/51 [ogre/+0 giant club (18)]
  2196 | D:4      | Mangled by an ogre

Illustrated notes

Levels and vault maps discovered:
D:1:      dpeg_arrival_tiny_h, layout_basic, chequers_serial_rivers_micro_b,
          minmay_strange_pillars, chequers_serial_rivers_small_3,
          corexii_leaking_fountain, minmay_quantized
D:2:      cheibrodos_pilgrimage, layout_rooms, evilmike_ruin_ashenzari,
          yredelemnul_altar_generic
D:3:      layout_rooms
D:4:      layout_loops_ring, grunt_qazlal_sundering, kennysheep_mini,
          uniq_edmund
D:5:      wad_river_or_something, layout_rooms, marbit_many_paths,
          minmay_temple_entry_mist, sword_in_stone

Skill      XL: |  1  2  3  4  5 |
---------------+----------------+-----
Fighting       | 3 4 |  4.6
Axes           | 3 4 5 |  5.0
Dodging        | |  2.1
Stealth        | |  6.0

Action                   |  1- 3 |  4- 6 || total
-------------------------+-------+-------++-------
Melee: Hand axe          |   121 |    96 ||   217
 Abil: Heal Wounds       |     1 |     1 ||     2
 Stab: Sleeping          |     7 |     1 ||     8
Armor: Leather armour    |    18 |       ||    18
       Scale mail        |    22 |    42 ||    64
Dodge: Dodged            |    64 |    63 ||   127
